Map: Acropolis LE

Players

Lambo - Winner!

  • Race: Zerg Zerg
  • Spawn Location: 11:00

Cyan

  • Race: Protoss Protoss
  • Spawn Location: 5:00

VOD

Have the link to the VOD?

Description

Time

  • Played on: Sept. 6, 2019, 7:19 p.m.
  • Length: 9:43
Show
View Real Time Build Order
Export as new Build Order

Lambo Zerg - Winner!

Build Orders: Hatch First 

Get SALT Encoding   

  12  0:00  Drone  
  13  0:13  Overlord  
  13  0:17  Drone  
  14  0:32  Drone x2  
  16  0:48  Hatchery  
  15  0:51  Drone  
  15  0:55  Drone  
  17  0:57  Drone  
  18  1:09  Extractor  
  17  1:13  Spawning Pool  
  17  1:16  Drone  
  17  1:19  Drone  
  18  1:28  Drone  
  19  1:39  Drone  
  20  1:50  Overlord  
  20  2:00  Queen x2  
  24  2:01  Zergling x4  
  26  2:11  Drone  
  26  2:12  Drone  
  28  2:22  Drone  
  29  2:23  Drone  
  30  2:33  Hatchery  
  30  2:34  Drone  
  30  2:35  Pneumatized Carapace  
  30  2:40  Drone  
  30  2:42  Drone  
  32  2:44  Overlord  
  32  2:51  Queen  
  32  2:57  Drone x2  
  36  3:06  Drone x2  
  36  3:09  Drone, Metabolic Boost  
  36  3:10  Drone  
  40  3:18  Overlord  
  40  3:20  Drone x2  
  40  3:26  Queen  
  42  3:31  Overlord  
  44  3:40  Drone x3  
  47  3:41  Drone  
  47  3:42  Drone  
  47  3:47  Drone x3  
  50  3:55  Overlord  
  50  4:01  Zergling x6  
  53  4:04  Drone x2, Queen  
  53  4:06  Drone  
  58  4:10  Spore Crawler  
  58  4:15  Overlord  
  57  4:18  Overlord  
  57  4:21  Drone  
  56  4:24  Drone  
  56  4:26  Drone  
  56  4:27  Drone  
  56  4:29  Drone x3  
  59  4:35  Drone x4  
  62  4:39  Zergling x4  
  64  4:46  Roach Warren  
  64  4:48  Drone x2  
  64  4:49  Drone x2  
  64  4:50  Drone  
  68  4:54  Drone  
  68  4:57  Extractor, Drone, Lair  
  68  4:58  Extractor  
  68  4:59  Extractor  
  67  5:02  Drone x4  
  67  5:03  Drone  
  71  5:09  Zergling x2  
  71  5:12  Zergling x2  
  73  5:14  Overlord  
  73  5:18  Overlord  
  73  5:19  Overlord  
  73  5:20  Overlord  
  73  5:31  Evolution Chamber  
  73  5:33  Overlord  
  73  5:34  Overlord  
  72  5:39  Roach x6  
  84  5:42  Extractor  
  84  5:45  Roach x2  
  84  5:46  Roach x2  
  91  5:55  Roach x3  
  97  5:57  Drone x3  
  97  5:58  Glial Reconstitution  
  97  5:59  Zerg Missile Weapons Level 1  
  97  6:01  Overlord  
  97  6:02  Drone x2  
  102  6:05  Overlord  
  102  6:07  Overlord  
  102  6:09  Roach x2  
  106  6:13  Overlord  
  106  6:14  Roach x2  
  106  6:17  Drone x2  
  108  6:19  Roach x3  
  108  6:23  Roach  
  103  6:27  Roach x2  
  103  6:31  Roach x2  
  106  6:35  Roach  
  104  6:43  Baneling Nest  
  104  6:45  Drone x3  
  104  6:46  Drone x2  
  108  6:49  Drone x4, Extractor  
  111  7:00  Ravager x2  
  112  7:02  Roach x3  
  112  7:06  Hatchery, Roach x2  
  112  7:08  Overseer  
  117  7:10  Roach x2  
  117  7:15  Drone  
  122  7:17  Roach x3  
  122  7:20  Zergling x2  
  131  7:23  Roach x3  
  131  7:29  Centrifical Hooks  
  135  7:30  Overlord  
  135  7:33  Roach x3  
  135  7:35  Overlord  
  141  7:41  Overlord  
  141  7:43  Roach x4  
  149  7:47  Overlord  
  149  7:57  Zergling x2  
  149  7:58  Zergling x14  
  157  8:03  Drone  
  157  8:04  Infestation Pit  
  157  8:09  Zergling x8  
  161  8:15  Zergling x2  
  161  8:16  Zergling x6  
  165  8:23  Zergling x12  
  171  8:31  Overseer  
  171  8:32  Zergling x8  
  175  8:35  Ravager  
  175  8:36  Overlord, Ravager  
  175  8:37  Overseer  
  175  8:38  Zergling x6  
  180  8:45  Baneling x27  
  180  8:46  Zergling x6  
  183  8:51  Zergling x10  
  183  8:55  Zergling x6  
  191  9:02  Zergling x6  
  188  9:05  Zergling x8  
  188  9:06  Baneling  
  188  9:07  Baneling x2  
  192  9:10  Ravager x3  
  192  9:12  Zergling x6  
  194  9:19  Zergling x6  
  194  9:22  Zergling x6  
  182  9:24  Zergling x2  
  169  9:39  Ravager  
  169  9:40  Ravager  
  169  9:41  Ravager  
Show
View Real Time Build Order
Export as new Build Order

Cyan Protoss 

Build Orders: 1 Gate Expand, Oracle Opening, Archon Immortal, Archon Drop 

Get SALT Encoding   

  12  0:00  Probe  
  13  0:12  Probe  
  14  0:19  Pylon  
  14  0:25  Probe  
  15  0:28  Assimilator  
  15  0:33  Probe  
  15  0:42  Probe  
  16  0:45  Gateway  
  17  0:53  Probe  
  18  1:05  Probe  
  19  1:17  Probe  
  20  1:26  Nexus  
  20  1:33  Cybernetics Core  
  20  1:36  Probe  
  21  1:42  Assimilator  
  21  1:48  Probe  
  22  1:54  Pylon  
  22  2:01  Probe  
  23  2:02  Adept  
  23  2:10  Warp Gate  
  23  2:13  Probe  
  26  2:22  Stargate  
  26  2:25  Probe  
  27  2:32  Stalker  
  27  2:34  Probe  
  27  2:35  Probe  
  29  2:42  Probe  
  29  2:43  Probe  
  33  2:52  Probe  
  33  2:53  Probe  
  33  2:56  Oracle  
  35  3:05  Probe x2  
  37  3:12  Pylon  
  40  3:17  Probe x2  
  42  3:21  Gateway  
  42  3:29  Probe  
  42  3:33  Oracle, Pylon  
  46  3:34  Probe  
  47  3:41  Probe  
  47  3:43  Assimilator  
  47  3:45  Assimilator  
  47  3:46  Probe  
  49  3:53  Probe  
  50  3:58  Probe, Twilight Council  
  50  4:02  Adept  
  53  4:05  Probe  
  53  4:08  Probe, Robotics Facility  
  54  4:16  Probe  
  55  4:18  Probe  
  55  4:19  Pylon  
  57  4:25  Probe  
  57  4:30  Probe  
  56  4:35  Gateway x2, Charge  
  56  4:37  Probe  
  54  4:46  Templar Archives  
  54  4:47  Warp Prism, Adept x2  
  54  4:51  Pylon  
  60  5:03  Gateway  
  60  5:06  Gateway  
  60  5:13  Pylon  
  60  5:16  Zealot x2  
  60  5:19  Pylon  
  64  5:24  Observer  
  65  5:34  Nexus  
  65  5:41  Probe x2  
  67  5:44  High Templar x2  
  67  5:45  High Templar x2  
  67  5:49  Archon x2  
  75  5:53  Pylon, Probe  
  75  6:06  Probe x2  
  75  6:08  Zealot x2  
  81  6:14  Immortal  
  81  6:17  Zealot x4  
  75  6:39  Sentry x2  
  63  6:40  Zealot x4  
  63  6:45  Shield Battery  
  63  6:46  Immortal, Shield Battery  
  71  6:51  Probe  
  76  6:58  Probe x2  
  76  7:00  Zealot x2, High Templar x2  
  86  7:03  Probe  
  87  7:09  Pylon  
  87  7:10  Probe  
  87  7:11  Forge  
  87  7:13  Robotics Facility, Protoss Ground Weapons Level 1  
  87  7:15  Probe x2  
  89  7:19  Archon  
  89  7:22  Immortal, Pylon  
  90  7:23  Probe  
  90  7:25  Assimilator  
  90  7:27  Probe, Assimilator  
  92  7:33  Probe  
  92  7:35  Probe  
  98  7:39  Pylon  
  98  7:41  Probe  
  99  7:44  Adept  
  99  7:45  Probe  
  102  7:53  Immortal, Photon Cannon  
  102  7:56  Pylon, High Templar x2  
  106  8:01  Archon  
  110  8:06  Immortal  
  114  8:13  Zealot x2  
  114  8:16  Stalker x2  
  122  8:26  Shield Battery  
  122  8:29  Pylon  
  122  8:32  Pylon  
  122  8:38  Immortal  
  126  8:45  Immortal  
  128  8:49  Zealot x3  
  134  8:59  High Templar  
  134  9:00  High Templar  
  134  9:05  High Templar  
  134  9:07  Shield Battery  
  134  9:08  Photon Cannon  
  134  9:09  Photon Cannon  
  132  9:10  Photon Cannon, High Templar  
  132  9:19  Archon  
  132  9:21  Zealot x2  
  132  9:23  Archon  
  94  9:37  Zealot x3  
Tags
 
Add a new tag
Caveats
  • Supply blocks, unpowered buildings, or Contaminate may cause inaccurate times.
  • Supply counts are checked every 10 seconds.